 Dungeon Crawl Stone Soup version 0.17.1-1-g73c8601 (console) character file.

135 Kloppie the Skirmisher (level 4, -3/41 HPs)
             Began as a Centaur Fighter on Dec 13, 2015.
             Killed from afar by Mandevil's ghost (5 damage)
             ... with a magic dart
             ... on level 3 of the Dungeon.
             The game lasted 00:02:51 (1942 turns).

Kloppie the Skirmisher (Centaur Fighter)            Turns: 1942, Time: 00:02:51

Health: -3/41      AC:  7    Str: 24    XL:     4   Next: 97%
Magic:  4/4        EV:  5    Int:  7    God:
Gold:   180        SH:  8    Dex:  9    Spells: 0 memorised, 3 levels left

rFire  . . .     SeeInvis .     a - +0 war axe
rCold  . . .     Clarity  .     b - +0 scale mail
rNeg   . . .     SustAt   .     c - +0 shield
rPois  .         Gourm    .     (no helmet)
rElec  .         Spirit   .     (no cloak)
rCorr  .         Warding  .     k - +0 pair of gloves
rMut   .         Stasis   .     (no barding)
MR     .....                    (no amulet)
Stlth  ..........               (no ring)
                                (no ring)

@: mighty, very quick, not resistant to hostile enchantments, extremely
unstealthy
A: hooves 3, deformed body, speed 2, tough skin 3
a: no special abilities


You were on level 3 of the Dungeon.
You were not hungry.

You visited 1 branch of the dungeon, and saw 3 of its levels.

You collected 180 gold pieces.

Inventory:

Hand Weapons
 a - a +0 war axe (weapon)
Armour
 b - a +0 scale mail (worn)
 c - a +0 shield (worn)
 k - a +0 pair of gloves (worn)
Jewellery
 j - a +5 ring of dexterity {unknown}
 s - an uncursed ring of ice {unknown}
Wands
 w - a wand of confusion (12)
Scrolls
 g - a scroll of teleportation {unknown}
 l - 4 scrolls of remove curse {unknown}
 n - a scroll of enchant armour {unknown}
 o - 2 scrolls of identify {unknown}
 t - 3 scrolls of magic mapping {unknown}
Potions
 i - a potion of flight {unknown}
 m - a potion of degeneration {unknown}
 p - 2 potions of haste {unknown}
 q - 2 potions of experience {unknown}
 r - 3 potions of curing {unknown}
 u - a potion of heal wounds {unknown}
 v - a potion of cure mutation {unknown}
 B - a potion of poison {unknown}
 C - a potion of cancellation {unknown}
Comestibles
 e - 2 bread rations
 f - 4 fruits
 h - 2 beef jerkies
 x - a slice of pizza
 A - a meat ration


   Skills:
 + Level 4.5 Fighting
 + Level 3.5 Axes
 - Level 2.1 Armour
 - Level 2.1 Shields


You had 3 spell levels left.
You didn't know any spells.

Dungeon Overview and Level Annotations

Branches:
Dungeon (3/15)

Altars:
Vehumet

Annotations:
D:2 Natasha, Sigmund
D:3 Mandevil's ghost, amateur VSCj


Innate Abilities, Weirdness & Mutations

You have hooves in place of feet.
Armour fits poorly on your strangely shaped body.
You cover ground very quickly.
You have extremely tough skin (AC +3).


Message History

* * * LOW HITPOINT WARNING * * *
A giant gecko comes into view.
You closely miss Mandevil's ghost.
Mandevil's ghost is lightly damaged.
Mandevil's ghost hits you.
* * * LOW HITPOINT WARNING * * *
Mandevil's ghost burns you.
* * * LOW HITPOINT WARNING * * *
You closely miss Mandevil's ghost.
Mandevil's ghost is lightly damaged.
Mandevil's ghost closely misses you. Mandevil's ghost hits you.
* * * LOW HITPOINT WARNING * * *
Mandevil's ghost burns you.
* * * LOW HITPOINT WARNING * * *
Mandevil's ghost gestures at you while chanting.
The magic dart hits you!
* * * LOW HITPOINT WARNING * * *
Mandevil's ghost casts a spell at you. The magic dart hits you!
You die...

#..)..lW...#
#.###.####l# #'#
#W# #.l.# #.#
#$..# #.# #....
#.# #....##.#
#....##.#
...).##@#
.....##.########
#.........#
#.#######.# #.#
#.######### #.#
#.##.....<. #.#
#.##.###### #.#
#.#........
##### #.#
#.#..######


You could see Mandevil's ghost and a giant gecko.

Vanquished Creatures
  Ijyb (D:2)
  Jessica (D:2)
  Natasha (D:2)
  2 adders (D:2)
  A worm (D:2)
  A giant gecko (D:3)
  An orc (D:3)
  5 bats
  3 hobgoblins
  5 kobolds
  A quokka (D:2)
  5 giant newts
  4 goblins
  6 rats
37 creatures vanquished.

Vanquished Creatures (others)
  An adder (D:2)
  A worm (D:2)
  A bat (D:2)
  A goblin (D:2)
4 creatures vanquished.

Grand Total: 41 creatures vanquished

Notes
Turn   | Place    | Note
--------------------------------------------------------------
     0 | D:1      | Kloppie the Centaur Fighter began the quest for the Orb.
     0 | D:1      | Reached XP level 1. HP: 19/19 MP: 1/1
    93 | D:1      | Reached XP level 2. HP: 24/26 MP: 2/2
   471 | D:2      | Found a radiant altar of Vehumet.
   493 | D:2      | Noticed Natasha
   510 | D:2      | Killed Natasha
   510 | D:2      | Reached XP level 3. HP: 9/33 MP: 3/3
   863 | D:2      | Noticed Natasha
   864 | D:2      | Noticed Sigmund
   868 | D:2      | HP: 1/33 [something (12)]
  1258 | D:2      | Noticed Jessica
  1267 | D:2      | Killed Jessica
  1267 | D:2      | Reached skill level 4 in Fighting
  1267 | D:2      | Reached XP level 4. HP: 40/40 MP: 4/4
  1383 | D:2      | Noticed Ijyb
  1400 | D:2      | Killed Ijyb
  1915 | D:3      | Noticed Mandevil's ghost (amateur VSCj)
  1932 | D:3      | HP: 1/41 [Mandevil's ghost/magic dart (3)]
  1942 | D:3      | Killed from afar by Mandevil's ghost

Action                   |  1- 3 |  4- 6 || total
-------------------------+-------+-------++-------
Melee: War axe           |    75 |    54 ||   129
  Use: Potion            |       |     1 ||     1
  Eat: Chunk             |       |     2 ||     2
